AoeStats
← Michi3052

Arabia

503630726Analyzed
1v1 RM · 1mo ago on Sep 1, 2026· 34m 2s· 2 players
Game mode
Random Map
Map size
Tiny (2 player)
Population
200
Speed
Normal
Resources
Standard
Victory
Conquest
Starting age
Dark Age
Ending age
Imperial Age
RankedLock teamsTeams togetherTeam positionsShared explorationLock speedFull tech treeHidden civsTurbo modeCheats
Victory
Defeat
🇺🇸 Magyars · United States
734
+17
🇪🇸 Inca · Spain
751
-17
Morgan Wyrd
6:43 Loom
10:34 Feudal Age
11:16 Double-Bit Axe
16:00 Horse Collar
22:48 Wheelbarrow
24:00 Scale Barding Armor
23:46 Fletching
26:05 Castle Age
26:24 Bloodlines
28:31 Bow Saw
30:50 Scale Barding Armor
30:41 Bodkin Arrow
30:48 Padded Archer Armor
30:47 Murder Holes
31:11 Masonry
31:29 Husbandry
31:59 Heavy Plow
31:53 Gold Mining
31:55 Stone Mining
32:34 Hand Cart
32:51 Chain Barding Armor
33:57 Light Cavalry
Michi3052
12:42 Feudal Age
17:23 Loom
24:07 Castle Age
28:35 Pikeman
30:29 Double-Bit Axe
32:35 Scale Mail Armor
32:47 Forging
33:31 Wheelbarrow
Connection lost

Rejoining the realm…

Still unreachable

The connection could not be restored.

Session expired

The server has moved on; the page needs a fresh start.